 Dungeon Sprint DCSS version 0.24.0-123-gd5b16e6ec5 (webtiles) character file.

Game seed: 12247423602215358938, levelgen mode: deterministic

245 McKennaii the Slasher (level 5, -8/46 HPs)
             Began as a Demonspawn Fighter on Jan 13, 2020.
             Was a Follower of Cheibriados.
             Mangled by an orc warrior
             ... wielding a +0 trident of piercing
              (15 damage)
             ... in the Dungeon (Sprint IX: "|||||||||||||||||||||||||||||").
             The game lasted 00:03:01 (422 turns).

McKennaii the Slasher (Demonspawn Fighter)           Turns: 422, Time: 00:03:01

Health: -8/46      AC: 12    Str: 26    XL:     5   Next: 84%
Magic:  5/5        EV:  9    Int: 11    God:    Cheibriados [*.....]
Gold:   0          SH: 11    Dex: 14    Spells: 4/4 levels left

rFire    . . .     SeeInvis .   a - +0 long sword
rCold    . . .     Gourm    .   c - +0 shield
rNeg     . . .     Faith    .   r - +1 scale mail
rPois    .         Spirit   .   p - +0 helmet
rElec    .         Reflect  .   q - +0 cloak
rCorr    .         Harm     .   (no gloves)
MR       .....     NoTele   +   (no boots)
Stlth    ..........             (no amulet)
HPRegen  0.15/turn              b - +3 ring of strength
MPRegen  0.09/turn              s - +3 ring of strength

@: very slow
A: talons 1, molten scales 1, spiny 1
a: Bend Time, Renounce Religion


You were in the Dungeon.
You worshipped Cheibriados.
Cheibriados was aware of your devotion.
You were not hungry.

You visited 1 branch

Inventory:

Hand Weapons
 a - a +0 long sword (weapon)
Armour
 c - a +0 shield (worn)
 p - a +0 helmet (worn)
 q - a +0 cloak (worn)
 r - a +1 scale mail (worn)
Jewellery
 b - a +3 ring of strength (left hand)
 s - a +3 ring of strength (right hand)
Wands
 o - a wand of acid (10)
Scrolls
 k - 2 scrolls of blinking
 m - 3 scrolls of remove curse
 n - 2 scrolls of amnesia
Potions
 d - a potion of might
 e - 5 potions of curing
 g - 2 potions of heal wounds
 h - a potion of haste
 i - 4 potions of magic
 j - a potion of berserk rage
 l - a potion of invisibility
Comestibles
 f - a ration


   Skills:
 + Level 5.7 Fighting
 * Level 7.2 Long Blades
 + Level 5.0 Armour
 + Level 2.0 Dodging
 + Level 6.1 Shields


You had 4 spell levels left.
You didn't know any spells.
Your spell library was empty.

Dungeon Overview and Level Annotations

Branches:
Dungeon (1/1)

Altars:
Cheibriados
Dithmenos
Elyvilon
Fedhas
Gozag
Hepliaklqana
Kikubaaqudgha
Makhleb
Nemelex Xobeh
Okawaru
Qazlal
Ru
Sif Muna
Trog
Uskayaw
Vehumet
Wu Jian
Xom
Yredelemnul
Zin
The Shining One
Beogh
Jiyva
Lugonu


Innate Abilities, Weirdness & Mutations

You have sharp toenails.
You are partially covered in molten scales. (AC +2)
You are partially covered in sharp spines.


Message History

You see here a +0 scale mail.
The orc warrior barely misses you.
Items here: ))))))
You see here an uncursed staff of energy.
The orc warrior hits you from afar with a +0 trident of piercing.
* * * LOW HITPOINT WARNING * * *
x2
Okay, then.
You feel much better. You block the orc warrior's attack.
The wyvern hisses menacingly.
The orc warrior hits you with a +0 trident of piercing!
You barely miss the orc warrior.
You claw the orc warrior, but do no damage.
The orc warrior is struck by your spines.
The orc warrior hits you with a +0 trident of piercing.
* * * LOW HITPOINT WARNING * * *
x2 You barely miss the orc warrior.
You claw the orc warrior, but do no damage.
The orc warrior is lightly wounded.
The orc warrior hits you with a +0 trident of piercing!
You die... ▓▓▓▓▓▓▓▓▓▓▓▓▓▓▓▓▓▓▓▓▓▓▓▓▓▓▓▓▓▓▓ ______________'.@ol..[..)...... ▓▓▓▓▓▓▓▓▓▓▓▓▓▓▓▓▓▓▓▓▓▓▓▓▓▓▓▓▓▓▓

You could see an orc warrior and a wyvern.

Vanquished Creatures
  An ogre (D)
  A scorpion (D)
  A crimson imp (D)
  A hound (D)
  An orc priest (D)
  An adder (D)
  A shadow imp (D)
  2 orcs (D)
  A bat (D)
  A frilled lizard (D)
  A goblin (D)
  2 rats (D)
14 creatures vanquished.

Notes
Turn   | Place    | Note
-------+----------+-------------------------------------------
     0 | D        | McKennaii the Demonspawn Fighter began the quest for the
                  | Orb.
     0 | D        | Reached XP level 1. HP: 18/18 MP: 1/1
    27 | D        | Reached skill level 2 in Long Blades
    41 | D        | Noticed a hound
    41 | D        | Noticed an orc priest
    50 | D        | Reached skill level 3 in Long Blades
    50 | D        | Gained mutation: You are partially covered in sharp spines.
                  | [demonic ancestry]
    50 | D        | Reached XP level 2. HP: 8/25 MP: 2/2
    52 | D        | Reached skill level 4 in Long Blades
    52 | D        | Reached XP level 3. HP: 4/30 MP: 3/3
    57 | D        | Gained mutation: You have sharp toenails. [demonic
                  | ancestry]
    57 | D        | Reached XP level 4. HP: 4/38 MP: 4/4
   285 | D        | Found a roughly hewn altar of Beogh.
   285 | D        | Found a snail-covered altar of Cheibriados.
   285 | D        | Found a shadowy altar of Dithmenos.
   285 | D        | Found a white marble altar of Elyvilon.
   285 | D        | Found a blossoming altar of Fedhas.
   285 | D        | Found an opulent altar of Gozag.
   286 | D        | Found a hazy altar of Hepliaklqana.
   287 | D        | Found a viscous altar of Jiyva.
   288 | D        | Found an ancient bone altar of Kikubaaqudgha.
   289 | D        | Became a worshipper of Cheibriados the Contemplative
   290 | D        | Found a corrupted altar of Lugonu.
   291 | D        | Found a burning altar of Makhleb.
   292 | D        | Found a sparkling altar of Nemelex Xobeh.
   334 | D        | Found an iron altar of Okawaru.
   335 | D        | Found a stormy altar of Qazlal.
   336 | D        | Found a sacrificial altar of Ru.
   337 | D        | Found a shimmering blue altar of Sif Muna.
   338 | D        | Found a bloodstained altar of Trog.
   339 | D        | Found a hide-covered altar of Uskayaw.
   340 | D        | Found a radiant altar of Vehumet.
   341 | D        | Found an ornate altar of the Wu Jian Council.
   342 | D        | Found a shimmering altar of Xom.
   343 | D        | Found a basalt altar of Yredelemnul.
   344 | D        | Found a glowing silver altar of Zin.
   345 | D        | Found a glowing golden altar of the Shining One.
   395 | D        | Noticed an ogre
   395 | D        | Noticed an orc warrior
   395 | D        | Noticed a wyvern
   400 | D        | Reached skill level 5 in Fighting
   400 | D        | Reached skill level 5 in Long Blades
   400 | D        | Reached skill level 1 in Dodging
   400 | D        | Reached skill level 5 in Shields
   408 | D        | Reached * piety under Cheibriados
   408 | D        | Reached skill level 6 in Long Blades
   408 | D        | Gained mutation: You are partially covered in molten
                  | scales. (AC +2) [demonic ancestry]
   408 | D        | Reached XP level 5. HP: 34/44 MP: 5/5
   410 | D        | Killed an ogre
   410 | D        | Reached skill level 7 in Long Blades
   410 | D        | Reached skill level 5 in Armour
   422 | D        | Mangled by an orc warrior

Levels and vault maps discovered:
D:        linesprint [early_d, line_temple, items_1, d_10, items_2, lair_1,
          lair_end, items_3, orc_1, orc_end, items_4, d_15, swamp_1, shoals_1,
          snake_1, spider_1, d_20, vaults_1, items_5, swamp_end, shoals_end,
          snake_end, spider_end, vaults_end, d_27, items_6, zot_1, zot_end,
          crypt_end, forest_end, elf_end, slime_end, tomb_end, abyss_end,
          pan_hell_end]

Skill      XL: |  1  2  3  4  5 |
---------------+----------------+-----
Shields        | 3 4 5 6 |  6.1
Long Blades    | 3 4 6 7 |  7.2
Armour         | 3 4 5 |  5.0
Fighting       | 4 5 |  5.7
Dodging        | 1 2 |  2.0

Action                   |  1- 3 |  4- 6 || total
-------------------------+-------+-------++-------
Melee: Long sword        |    44 |    18 ||    62
       Kick              |       |     7 ||     7
  Use: Potion            |       |     1 ||     1
Armor: Scale mail        |    25 |     7 ||    32
Dodge: Dodged            |     7 |     9 ||    16
Block: Shield            |    30 |    13 ||    43
       Rpst.: Long sword |     1 |     4 ||     5
